 Dungeon Crawl Stone Soup version 0.24.1-14-gf8d2b509d9 (webtiles) character file.

Game seed: 15257635511441535033, levelgen mode: deterministic

23452 Edgeworth the Cleaver (level 12, -6/171 HPs)
             Began as a Deep Dwarf Fighter on May 27, 2020.
             Was the Champion of Okawaru.
             Killed from afar by Erolcha (35 damage)
             ... with a crystal spear
             ... on level 10 of the Dungeon.
             The game lasted 00:38:24 (10539 turns).

Edgeworth the Cleaver (Deep Dwarf Fighter)         Turns: 10539, Time: 00:38:24

Health: -6/171     AC: 18    Str: 29    XL:     12   Next: 72%
Magic:  0/0        EV: 15    Int: 10    God:    Okawaru [******]
Gold:   1053       SH: 18    Dex: 12    Spells: 11/11 levels left

rFire    + . .     SeeInvis .   N - +5 hand axe of Indomitability {chop, rElec rN++}
rCold    + . .     Gourm    .   c - +1 shield
rNeg     + + .     Faith    .   J - +0 plate armour
rPois    .         Spirit   .   H - +2 hat
rElec    +         Reflect  +   n - scarf {rC+ rF+}
rCorr    .         Harm     .   (no gloves)
MR       ++...                  v - +0 pair of boots
Stlth    ..........             F - +4 amulet of reflection
HPRegen  0.00/turn              o - ring of protection from magic
MPRegen  0.07/turn              P - +3 ring of evasion

@: berserking, non-regenerating, studying Transmutations, very quick
A: damage resistance, heal wounds, hooves 2, repulsion field 1, sense
surroundings 2, no potion heal 1, no regeneration
a: Heal Wounds, Heroism, Finesse, Renounce Religion


You were on level 10 of the Dungeon.
You worshipped Okawaru.
Okawaru was exalted by your worship.
You were not hungry.

You visited 4 branches of the dungeon, and saw 18 of its levels.
You also visited: Ossuary and Volcano.

You collected 1053 gold pieces.

Inventory:

Hand Weapons
 g - a +4 war axe
 C - a +2 hand axe of electrocution
 N - the +5 hand axe of Indomitability (weapon) {chop, rElec rN++}
   (Okawaru gifted it to you on level 2 of the Lair of Beasts)

   It inflicts extra damage upon your enemies.
   It insulates you from electricity.
   It greatly protects you from negative energy.
 T - a +2 glaive of freezing
Armour
 c - a +1 shield (worn)
 d - a scarf of cloud immunity
 n - a scarf of resistance (worn)
 s - a +1 helmet
 v - a +0 pair of boots (worn)
 G - a +0 cloak
 H - a +2 hat (worn)
 J - a +0 plate armour (worn)
 S - a +1 scale mail of fire resistance
Jewellery
 b - an uncursed ring of protection from cold
 i - a +2 ring of intelligence
 o - a ring of protection from magic (left hand)
 r - an uncursed ring of resist corrosion
 u - an uncursed amulet of the acrobat
 F - a +4 amulet of reflection (around neck)
 K - an uncursed ring of stealth
 M - a +2 ring of intelligence
 P - a +3 ring of evasion (right hand)
Wands
 e - a wand of paralysis (6)
 B - a wand of iceblast (27)
 E - a wand of acid (9)
 I - a wand of digging (4)
Scrolls
 a - 2 scrolls of magic mapping
 h - 11 scrolls of identify
 j - a scroll of blinking
 m - 6 scrolls of remove curse
 q - 5 scrolls of teleportation
 x - 2 scrolls of enchant armour
 A - 2 scrolls of immolation
 D - a scroll of fear
 L - a scroll of amnesia
Potions
 k - a potion of berserk rage
 l - 4 potions of lignification
 t - 5 potions of haste
 w - 2 potions of mutation
 z - a potion of flight
 Q - a potion of brilliance
 R - a potion of agility
Books
 y - a manual of Transmutations
Comestibles
 f - 14 rations


   Skills:
 + Level 9.1 Fighting
 + Level 13.8 Axes
 + Level 10.2 Armour
 + Level 5.5 Dodging
 + Level 11.8 Shields
 + Level 1.3 Invocations


You had 11 spell levels left.
You didn't know any spells.
Your spell library contained the following spells:

 Spells                   Type           Power        Failure   Level  Hunger
 Corona                   Hex            #......      99%         1    ##.....
 Shock                    Conj/Air       #...         99%         1    ##.....
 Corpse Rot               Necr           N/A          100%        2    ###....
 Slow                     Hex            #.......     100%        2    ###....
 Sublimation of Blood     Necr           #.........   100%        2    ###....
 Swiftness                Chrm/Air       #.......     100%        2    ###....
 Inner Flame              Hex/Fire       #.......     100%        3    ####...
 Portal Projectile        Hex/Tloc       #.....       100%        3    ####...
 Static Discharge         Conj/Air       #.......     100%        3    ####...
 Airstrike                Air            #.........   100%        4    #####..
 Cause Fear               Hex            #.........   100%        4    #####..
 Leda's Liquefaction      Hex/Erth       #.........   100%        4    #####..
 Agony                    Necr           #.......     100%        5    ######.
 Bolt of Draining         Conj/Necr      #.........   100%        5    ######.
 Dispel Undead            Necr           #.......     100%        5    ######.
 Excruciating Wounds      Chrm/Necr      #.........   100%        5    ######.
 Lightning Bolt           Conj/Air       #.........   100%        5    ######.
 Silence                  Hex/Air        #.........   100%        5    ######.
 Yara's Violent Unravell  Hex/Tmut       #.........   100%        5    ######.
 Deflect Missiles         Chrm/Air       #.........   100%        6    #######
 Discord                  Hex            #.........   100%        8    #######


Dungeon Overview and Level Annotations

Branches:
Dungeon (10/15)            Temple (1/1) D:4            Lair (6/6) D:9
 Shoals (0/4) Lair:4          Orc (1/2) D:9         Ossuary (visited)
Volcano (visited)
  Snake: Lair:2-4    Spider: Lair:2-4     Slime: Lair:5-6

Altars:
Ashenzari
Cheibriados
Dithmenos
Elyvilon
Fedhas
Gozag
Hepliaklqana
Kikubaaqudgha
Makhleb
Nemelex Xobeh
Okawaru
Qazlal
Ru
Sif Muna
Trog
Uskayaw
Vehumet
Wu Jian
Xom
Yredelemnul
Zin
The Shining One

Shops:
D:4 [

Annotations:
D:3 2 transporters
D:8 1 runed translucent door, Thomus's ghost, novice MiBe
D:10 Erolcha
Orc:1 1 runed translucent door, Ciytaeci's ghost, journeyman DsWr


Innate Abilities, Weirdness & Mutations

You are resistant to damage.
You can heal yourself by infusing magical energy.
You passively map the area around you.
You do not regenerate.
You have hoof-like feet.
You are surrounded by a mild repulsion field. (EV +2)
Potions are less effective at restoring your health.


Message History

You block the worker ant's attack.
You barely miss the worker ant. You block the worker ant's attack.
You slash the worker ant!
The worker ant is severely wounded.
You closely miss the worker ant.
The worker ant is severely wounded.
You block the worker ant's attack.
Erolcha zaps a wand.
You resist with almost no effort.
You slash the worker ant!
You kill the worker ant!
Okawaru accepts your kill.
A red film seems to cover your vision as you go berserk!
You feel yourself moving faster!
You feel mighty!
You slice Erolcha!!
Erolcha is heavily wounded.
You slash Erolcha!
Erolcha is almost dead.
Erolcha casts a spell at you. The crystal spear hits you!!!
You die...

, ....... #
.#...## #.. , ,
.... ##.
.....####...,,
....
#...,...........
, , ....
#..##..........,
,, ,
............. ,,
,,, ,
##...........* ,
, #....O.......
, , *
#...<@....... *
,, ###.[).......
* ##.........*
#.......... , ,
#.......?... ,*
* #....##....# ,
##.... #.... ,
..... ...# *
....... ... ,,


You could see Erolcha.

Vanquished Creatures
  Harold (D:7)
  2 skeletal warriors (Volcano)
  An anaconda skeleton (Volcano)
  A manticore (D:9)
  An orc sorcerer (Orc:1)
  A merfolk siren (Lair:4)
  Joseph (D:7)
  Psyche (D:8)
  3 black mambas
  7 spiny frogs
  4 gargoyles
  2 rime drakes
  7 komodo dragons
  A troll (D:9)
  A harpy skeleton (Volcano)
  6 hippogriffs
  8 blink frogs
  2 flying skulls (Volcano)
  6 yaks
  A basilisk (Lair:2)
  A wyvern (Lair:2)
  A vampire mosquito (D:10)
  3 hungry ghosts
  4 wargs
  7 water moccasins
  6 porcupines
  An ice beast (D:5)
  An orc warrior (D:7)
  2 black bears
  A necrophage (D:9)
  16 wolves
  4 centaurs
  2 ogres
  2 sky beasts
  2 crocodiles
  20 bullfrogs
  A gnoll sergeant (D:5)
  A water moccasin skeleton (D:6)
  4 scorpions
  5 killer bees (D:8)
  A spriggan skeleton (Volcano)
  3 howler monkeys
  A quasit (D:7)
  2 bullfrog zombies (D:5)
  4 centaur zombies
  6 hounds
  11 orc priests
  A jelly (D:6)
  3 bullfrog skeletons
  8 orc wizards
  Jessica (D:2)
  An iguana (D:5)
  8 worker ants
  3 big kobold zombies (Ossuary)
  2 naga skeletons (Volcano)
  3 hound zombies
  A hound skeleton (D:5)
  5 mummies (Ossuary)
  A worker ant zombie (D:5)
  8 gnolls
  A howler monkey skeleton (D:5)
  5 adders
  A shadow imp (D:6)
  5 adder zombies
  An adder skeleton (D:5)
  2 worms
  2 dart slugs
  5 leopard geckos
  31 orcs
  6 bats
  4 giant cockroaches
  4 goblins
  10 hobgoblins
  8 kobolds
  4 quokkas
  3 ball pythons
  7 frilled lizards
  A giant cockroach zombie (D:5)
  3 hobgoblin zombies (Ossuary)
  2 leopard gecko zombies
  A quokka skeleton (D:5)
  11 rats
  A spectral orc (D:9)
  3 fungi (Lair:2)
  A plant (Lair:1)
336 creatures vanquished.

Vanquished Creatures (others)
  2 fungi
  4 plants
6 creatures vanquished.

Grand Total: 342 creatures vanquished

Notes
Turn   | Place    | Note
-------+----------+-------------------------------------------
     0 | D:1      | Edgeworth the Deep Dwarf Fighter began the quest for the
                  | Orb.
     0 | D:1      | Reached XP level 1. HP: 20/20 MP: 1/1
   254 | D:1      | Reached XP level 2. HP: 25/27 MP: 2/2
   824 | D:2      | Reached XP level 3. HP: 31/34 MP: 3/3
   992 | D:2      | Noticed Jessica
  1002 | D:2      | Killed Jessica
  1002 | D:2      | Reached skill level 3 in Axes
  1002 | D:2      | Reached XP level 4. HP: 37/42 MP: 4/4
  2100 | D:3      | Reached XP level 5. HP: 36/49 MP: 4/4
  2110 | D:3      | Reached skill level 1 in Dodging
  2318 | D:3      | Found a transporter.
  2323 | D:3      | Noticed a hungry ghost
  2326 | D:3      | Found a transporter.
  2334 | D:3      | Found an ornate altar of the Wu Jian Council.
  2478 | D:4      | Reached skill level 4 in Axes
  2540 | D:4      | Found a glowing silver altar of Zin.
  2543 | D:4      | Noticed an ogre
  2575 | D:4      | Killed an ogre
  2575 | D:4      | Reached XP level 6. HP: 4/56 MP: 4/4
  2736 | D:4      | Found Faez's Antique Armour Emporium.
  2839 | D:4      | Found a staircase to the Ecumenical Temple.
  2968 | Temple   | Entered the Ecumenical Temple
  3061 | Temple   | Became a worshipper of Warmaster Okawaru
  3116 | D:5      | Entered Level 5 of the Dungeon
  3116 | D:5      | Found a sand-covered staircase.
  3124 | Ossuary  | Entered an ossuary
  3133 | Ossuary  | Reached skill level 5 in Axes
  3212 | Ossuary  | Reached XP level 7. HP: 34/63 MP: 4/4
  3313 | D:5      | Reached skill level 5 in Armour
  3313 | D:5      | Reached skill level 5 in Shields
  3346 | D:5      | Reached * piety under Okawaru
  3386 | D:5      | Reached skill level 6 in Axes
  3515 | D:5      | Noticed a hungry ghost
  3560 | D:5      | Killed a hungry ghost
  3560 | D:5      | Reached XP level 8. HP: 41/72 MP: 5/5
  3794 | D:5      | Found a shimmering blue altar of Sif Muna.
  3794 | D:5      | Found a shattered altar of Ashenzari.
  3922 | D:6      | Reached ** piety under Okawaru
  3922 | D:6      | Reached skill level 7 in Axes
  4213 | D:6      | Found a blossoming altar of Fedhas.
  4262 | D:6      | Reached skill level 8 in Axes
  4482 | D:7      | Noticed Joseph
  4500 | D:7      | Killed Joseph
  4500 | D:7      | Gained mutation: You passively map the area around you.
                  | [Deep Dwarf growth]
  4500 | D:7      | Reached XP level 9. HP: 37/80 MP: 2/2
  4717 | D:7      | Reached skill level 5 in Fighting
  4789 | D:7      | Reached skill level 9 in Axes
  4810 | D:7      | Noticed Harold
  4838 | D:7      | Killed Harold
  4838 | D:7      | Reached *** piety under Okawaru
  4908 | D:7      | Found an ancient bone altar of Kikubaaqudgha.
  4913 | D:7      | Found a white marble altar of Elyvilon.
  4916 | D:7      | Found a snail-covered altar of Cheibriados.
  5113 | D:7      | Found a shimmering altar of Xom.
  5697 | D:8      | Noticed Psyche
  5703 | D:8      | Reached XP level 10. HP: 35/91 MP: 0/3
  5734 | D:8      | Killed Psyche
  5734 | D:8      | Reached **** piety under Okawaru
  5734 | D:8      | Reached skill level 10 in Axes
  5988 | D:8      | Reached skill level 1 in Invocations
  6026 | D:8      | Found a runed translucent door.
  6027 | D:8      | Found a shimmering altar of Xom.
  6027 | D:8      | Noticed Thomus's ghost (novice MiBe)
  6027 | D:8      | Noticed a +1 long sword of chaos
  6276 | D:9      | Found a staircase to the Lair.
  6286 | D:9      | Noticed a manticore
  6299 | D:9      | Killed a manticore
  6378 | D:9      | Reached ***** piety under Okawaru
  6565 | D:9      | Found a staircase to the Orcish Mines.
  6921 | D:9      | Found a basalt altar of Yredelemnul.
  7018 | D:9      | Noticed a moth of wrath
  7021 | D:9      | Found a bloodstained altar of Trog.
  7083 | D:10     | Entered Level 10 of the Dungeon
  7083 | D:10     | Noticed a gargoyle
  7108 | D:10     | Killed a gargoyle
  7108 | D:10     | Reached skill level 11 in Axes
  7116 | D:9      | Gained mutation: Armour fits poorly on your strangely
                  | shaped body. [potion of mutation]
  7116 | D:9      | Gained mutation: You have large cloven feet. [potion of
                  | mutation]
  7117 | D:9      | Lost mutation: Armour fits poorly on your strangely shaped
                  | body. [potion of mutation]
  7117 | D:9      | Gained mutation: You have hoof-like feet. [potion of
                  | mutation]
  7117 | D:9      | Gained mutation: Potions are less effective at restoring
                  | your health. [potion of mutation]
  7117 | D:9      | Gained mutation: You are surrounded by a mild repulsion
                  | field. (EV +2) [potion of mutation]
  7144 | Lair:1   | Entered Level 1 of the Lair of Beasts
  7311 | Lair:1   | Noticed a spiny frog
  7322 | Lair:1   | Killed a spiny frog
  7500 | Lair:1   | Reached XP level 11. HP: 39/100 MP: 1/3
  7506 | Lair:1   | Reached skill level 5 in Dodging
  7831 | Lair:1   | Reached skill level 12 in Axes
  8036 | Lair:2   | Received a gift from Okawaru
  8050 | Lair:2   | Got a shimmering hand axe {god gift}
  8051 | Lair:2   | Identified the +5 hand axe of Indomitability {chop, rElec
                  | rN++} (Okawaru gifted it to you on level 2 of the Lair of
                  | Beasts)
  8216 | Lair:2   | Reached skill level 10 in Shields
  8711 | Lair:2   | Reached ****** piety under Okawaru
  8886 | Lair:3   | You fall into a shaft and drop 3 floors!
  8886 | Lair:6   | Entered Level 6 of the Lair of Beasts
  8893 | Lair:6   | Found a dark tunnel.
  8897 | Lair:6   | Noticed a seven-headed hydra
  8904 | Volcano  | Entered a volcano
  9005 | Volcano  | Received a gift from Okawaru
  9005 | Volcano  | Reached XP level 12. HP: 37/111 MP: 1/1
  9014 | Volcano  | Reached skill level 13 in Axes
  9513 | Lair:4   | Found a staircase to the Shoals.
  9716 | Lair:3   | Reached skill level 10 in Armour
  9909 | Lair:3   | Noticed a five-headed hydra
 10211 | Orc:1    | Entered Level 1 of the Orcish Mines
 10211 | Orc:1    | Found a runed translucent door.
 10211 | Orc:1    | Noticed Ciytaeci's ghost (journeyman DsWr)
 10213 | Orc:1    | Found Mehall's Jewellery Emporium.
 10473 | D:10     | Noticed Erolcha
 10539 | D:10     | Killed from afar by Erolcha

Levels and vault maps discovered:
D:1:      wander_arrival_estate, layout_basic, nrook_campfire
D:2:      layout_basic, first_ration, uniq_jessica
D:3:      layout_loops_ring, gammafunk_temple_overflow_arena,
          nrook_loot_triangle, fountainhead, grunt_ministairs_4,
          solitary_fountain
D:4:      layout_rooms, zin_statuary, minmay_temple_entry_nine_rooms,
          serial_shops, kennysheep_mini
D:5:      layout_gridville, chequers_temple_overflow_statue_of_worship,
          serial_undead, serial_undead_a, serial_undead_c, serial_undead_c,
          serial_undead_c, serial_undead_b, serial_undead_e, serial_undead_e,
          nicolae_ossuary_entry_ruins, minmay_manual_mess
D:6:      layout_rooms, lemuel_round_altar, hangedman_decor_push
D:7:      layout_basic, minmay_overflow_temple_star_quad, tgw_xom, uniq_joseph,
          uniq_harold
D:8:      layout_loops_cross, ebering_ghost_xom, uniq_psyche
D:9:      layout_roguey, yredelemnul_forgotten_temple_becter, tgw_trog,
          erik_lair_island, orc_0_dummy
D:10:     layout_cave_pools, gammafunk_ghost_arena, uniq_erolcha
Temple:   minmay_temple_curvy_loop
Lair:1:   layout_loops_ring, columned_hall_lemuel, beast_lair_carwin_1
Lair:2:   wad_woods_structure_01, layout_misc_corridors
Lair:3:   layout_hall_layers
Lair:4:   layout_roguey, minmay_shoals_entry_lonely_mermaid,
          guppyfry_snake_entry_garden, lemuel_old_faithful, lemuel_fruit_tree
Lair:5:   layout_misc_corridors, slime_altar_2, grunt_megastairs_1
Lair:6:   hangedman_lair_caniforms_friends, layout_misc_corridors,
          guppyfry_lair_end_dragon, enter_volcano_1,
          chequers_serial_rivers_marsh
Orc:1:    layout_caves, serial_shops, shop_fountains,
          portal_ice_cave_entry_ice_beasts, ebering_ghost_inner_flame,
          minmay_orc_temple_b

Skill      XL: |  1  2  3  4  5  6  7  8  9 10 11 12 |
---------------+-------------------------------------+-----
Fighting       | 3 4 5 7 8 9 |  9.1
Axes           | 3 4 5 6 8 9 11 12 13 | 13.8
Armour         | 4 5 6 7 8 9 10 | 10.2
Shields        | 4 5 6 7 8 10 11 | 11.8
Dodging        | 1 2 3 4 5 |  5.5
Invocations    | 1 |  1.3

Action                   |  1- 3 |  4- 6 |  7- 9 | 10-12 || total
-------------------------+-------+-------+-------+-------++-------
Melee: War axe           |    98 |   231 |   467 |    46 ||   842
       Hand axe          |       |       |       |   847 ||   847
Invok: Heroism           |       |       |     4 |     3 ||     7
 Abil: Heal Wounds       |       |     6 |    25 |    19 ||    50
  Use: Scroll            |       |       |     9 |    10 ||    19
       Potion            |       |       |     7 |    16 ||    23
  Eat: Chunk             |       |     6 |       |    10 ||    16
       Ration            |       |     1 |     5 |     2 ||     8
Armor: Scale mail        |    56 |    76 |   236 |    55 ||   423
       Plate armour      |       |       |       |   140 ||   140
       Chain mail        |       |       |       |     6 ||     6
Dodge: Dodged            |    26 |    79 |   172 |   243 ||   520
Block: Shield            |    56 |   123 |   305 |   533 ||  1017
       Reflection        |       |       |       |     4 ||     4
